 Dungeon Crawl Stone Soup version 0.22-a0-159-g7ce444f (webtiles) character file.

47 Newflamecorp the Chopper (level 3, 0/29 HPs)
             Began as a Human Chaos Knight on Feb 9, 2018.
             Slain by a centaur (8 damage)
             ... on level 2 of the Dungeon.
             The game lasted 00:04:31 (1127 turns).

Newflamecorp the Chopper (Human Chaos Knight)       Turns: 1127, Time: 00:04:32

Health: 0/29       AC:  6    Str: 13    XL:     3   Next: 97%
Magic:  3/3        EV: 17    Int: 12    God:    Xom [..*...]
Gold:   80         SH:  0    Dex: 17    Spells: 2/2 levels left

rFire    . . .     SeeInvis .   a - +0 hand axe (chaos)
rCold    . . .     Gourm    .   (no shield)
rNeg     . . .     Faith    .   b - +2 leather armour
rPois    .         Spirit   .   i - +0 helmet
rElec    .         Reflect  .   (no cloak)
rCorr    .         Harm     .   (no gloves)
MR       .....                  (no boots)
Stlth    ++........             (no amulet)
HPRegen  0.09/turn              (no ring)
MPRegen  0.08/turn              (no ring)

@: agile
A: no striking features
a: Renounce Religion


You were on level 2 of the Dungeon.
You worshipped Xom.
You were a toy of Xom.
You were not hungry.

You visited 1 branch of the dungeon, and saw 2 of its levels.

You collected 80 gold pieces.

Inventory:

Hand Weapons
 a - a +0 hand axe of chaos (weapon)
Armour
 b - a +2 leather armour (worn)
 i - a +0 helmet (worn)
Scrolls
 d - 3 scrolls of identify {unknown}
 g - a scroll of blinking {unknown}
 h - a scroll of enchant weapon {unknown}
Potions
 f - a potion of lignification {unknown}
Comestibles
 c - 2 rations


   Skills:
 + Level 3.4 Fighting
 + Level 3.8 Axes
 + Level 2.3 Armour
 + Level 1.4 Dodging
 + Level 0.1 Stealth


You had 2 spell levels left.
You didn't know any spells.

Dungeon Overview and Level Annotations

Branches:
Dungeon (2/15)

Altars:


Message History

The centaur shoots an arrow.
The arrow hits you!
A shower of butterflies erupts from you!
The hobgoblin closely misses you.
You see here an arrow.
You hit the hobgoblin but do no damage. "Go forth and destroy!"
You feel agile all of a sudden.
The centaur unwields an uncursed shortbow.
The centaur misses your butterfly. The hobgoblin misses you.
You swap places.
A hobgoblin comes into view.
The centaur misses you. The hobgoblin closely misses you.
The centaur misses you. The hobgoblin barely misses you. The centaur hits you!
* * * LOW HITPOINT WARNING * * *
You see here a scroll labeled QUCVEC WEIG.
As you read the scroll labeled AGATHI KABUO, it crumbles to dust.
The creatures around you are filled with an inner flame!
It was a scroll of immolation.
The centaur hits you!
You die...
Xom bursts into laughter!

#............#.......
#..............#.###.
#................#
#.......(..†...#.#
#........(#...##.#
#...........†.##.#
#.>.....b........#
#...g(.b...##.####
##..@...#.......#
##.#c..#.......#
#.#..##.......#
#.#.............
#.......#.......
####g......##....
#.#####.# #.. .#


You could see a centaur (inner flame) and 2 hobgoblins.

Vanquished Creatures
  2 adders (D:2)
  A leopard gecko (D:2)
  5 bats
  2 giant cockroaches
  3 goblins (D:1)
  4 hobgoblins
  2 jackals (D:1)
  A kobold (D:1)
  4 frilled lizards (D:2)
  4 rats
28 creatures vanquished.

Notes
Turn   | Place    | Note
-------+----------+-------------------------------------------
     0 | D:1      | Newflamecorp the Human Chaos Knight began the quest for the Orb.
     0 | D:1      | Reached XP level 1. HP: 18/18 MP: 1/1
   169 | D:1      | Reached XP level 2. HP: 24/24 MP: 2/2
   689 | D:1      | XOM: divination: detect items
   757 | D:2      | Reached XP level 3. HP: 18/29 MP: 3/3
   947 | D:2      | XOM: silly message
  1120 | D:2      | Noticed a centaur
  1123 | D:2      | XOM: butterfly on damage
  1124 | D:2      | XOM: potion effect (agility)
  1127 | D:2      | Slain by a centaur

Vault maps used:
D:1:      eino_arrival_druids_welcome

Action                   || total
-------------------------++-------
Melee: Hand axe          ||    68
  Use: Scroll            ||     1
 Stab: Confused          ||     1
  Eat: Ration            ||     1
Armor: Leather armour    ||    69
Dodge: Dodged            ||    98

Table legend:
 A = Spawn XP
 B = Non-spawn XP
 C = Spawn XP percentage of total XP
 D = Spawn monster count
 E = Non-spawn monster count
 F = Spawn count percentage of total count
 G = Total turns spent on level
                    A         B        C        D         E        F      G
               +---------+---------+-------+---------+---------+-------+---------
         Total |       0 |      68 |   0.0 |       0 |      28 |   0.0 |  1127
               +---------+---------+-------+---------+---------+-------+---------
           D:1 |       0 |      25 |   0.0 |       0 |      15 |   0.0 |   734
           D:2 |       0 |      43 |   0.0 |       0 |      13 |   0.0 |   393
               +---------+---------+-------+---------+---------+-------+---------
